Unix NetHack Version 5.0.0-0 post-release - last build May 23 2026 06:08:33 (1c0ff79ee797540d5714e4e18072db0edd9e58ae,branch:main).

Game began 2026-05-29 15:44:06, ended 2026-05-29 15:55:52.

GdeVolpiano, lawful female human Archeologist

                                                        --
                                                   -----.--
                                                    ..|...
                                                    .....--
                                                     .....--
                                                    -......-
                                                  ---.......
                                                 --........-
                                                  ..-......----
                                            -------...........|
                                            |..|.....G........|  .-
                                     -.  ----.....................|
                                    --.........G--<..d.......G....|
                                    -....G..........G.............-
                                       -- -----...---..............|
                                              --..| ---........h...|
                                               ----   --.|.......---
                                                        ----..|.--
                                                            -----
GdeVolpiano the Field Worker  St:10 Dx:10 Co:16 In:15 Wi:18 Ch:8  Lawful
Dlvl:5  $:3272 HP:0(32) Pw:28(28) AC:7  Xp:4 T:2226  Hungry  

Latest messages:
 The gnome hits!
 You hit the gnome!
 You kill the gnome!
 Welcome to experience level 4.
 What do you want to use or apply? [ae-hloB or ?*]
 In what direction do you want to dig? [hynjb>]
 You start chopping at the door.
 You hit the door with all your might.
 You break through the door with your pick-axe.
 What do you want to use or apply? [ae-hloB or ?*]
 In what direction do you want to dig? [hylnjb>]
 You start digging.
 You hit the rock with all your might.
 You find a hidden passage.
 You swap places with Indy.
 You stop.  Indy is in the way!
 You descend the stairs.
 You swap places with Indy.
 The gnome picks up 2 gems.
 You see here a worthless piece of yellow glass.
 Indy misses the dwarf.
 Indy misses the dwarf.
 Indy misses the dwarf.
 You are beginning to feel hungry.
 You hear crashing rock.
 Indy bites the gnome.
 The gnome drinks a magenta potion!
 The gnome looks much better.
 Indy misses the gnome.
 The gnome lord zaps a wand called magic missile!
 The magic missile misses the gnome.
 The magic missile whizzes by you!
 The gnome picks up a worthless piece of yellow glass.
 The gnome hits!
 You kill the gnome!
 Indy misses the gnome.
 The gnome lord zaps a wand of magic missile!
 The magic missile hits you!
 Indy misses the gnome.
 The gnome lord zaps a wand of magic missile!
 The magic missile hits you!
 Indy misses the gnome.
 Indy bites the gnome.
 The gnome misses Indy.
 The gnome lord zaps a wand of magic missile!
 The magic missile hits you!
 The gnome lord zaps a wand of magic missile!
 The magic missile hits you!
 You die...
 Do you want your possessions identified? [ynq] (y)

Inventory:
 Coins    ('$')
  $ - 3272 gold pieces
 Weapons  (')')
  k - 8 +1 darts
  a - a blessed +2 bullwhip (alternate weapon; not wielded)
 Armor    ('[')
  c - an uncursed +0 fedora (being worn)
  q - a cursed -1 helm of opposite alignment
  E - an uncursed +1 pair of low boots (being worn)
  m - a cursed -1 robe
  b - an uncursed +0 leather jacket (being worn)
 Comestibles  ('%')
  H - an uncursed cram ration
  d - 3 uncursed food rations
 Scrolls  ('?')
  j - 2 uncursed scrolls of identify
  p - a cursed scroll of identify
  t - an uncursed scroll of light
 Spellbooks  ('+')
  o - an uncursed spellbook of clairvoyance
 Potions  ('!')
  w - an uncursed potion of confusion
  C - an uncursed potion of extra healing
  r - 2 uncursed potions of healing
  x - an uncursed potion of levitation
  i - an uncursed potion of see invisible
  z - a cursed potion of sickness
 Wands    ('/')
  l - a wand of digging (0:5)
  B - a wand of magic missile (0:4)
 Tools    ('(')
  h - an empty uncursed sack
  e - a +0 pick-axe (weapon in left hand)
  f - a tinning kit (0:85)
 Gems/Stones  ('*')
  n - an uncursed obsidian stone
  g - an uncursed touchstone

GdeVolpiano the Archeologist's attributes:

Background:
 You were a Field Worker, a level 4 female human Archeologist.
 You were lawful, nominally on a mission for Quetzalcoatl
 who was opposed by Camaxtli (neutral) and Huhetotl (chaotic).
 You were left-handed.
 You were in the Gnomish Mines, on level 5.
 You entered the dungeon 2226 turns ago.
 You had 92 experience points, 68 more were needed to attain level 5.

Basics:
 You had 0 out of 32 hit points.
 You had all 28 energy points (spell power).
 Your armor class was 7.
 Your wallet contained 3272 zorkmids.
 Autopickup was on for '$?!/="+' plus thrown, with exceptions.

Final Characteristics:
 Your strength was 10 (limit:18/100).
 Your dexterity was 10 (limit:18).
 Your constitution was 16 (limit:18).
 Your intelligence was 15 (limit:18).
 Your wisdom was 18 (limit:18).
 Your charisma was 8 (limit:18).

Final Status:
 You were hungry.
 You were unencumbered.
 You were wielding a pick-axe.
 You had basic skill with pick-axe.

Final Attributes:
 You were piously aligned.
 You had automatic searching.
 You were lucky.
 You are dead.

Miscellaneous:
 You didn't encounter any bones levels.
 Total elapsed playing time was 11 minutes and 43 seconds.

Major events:
 Turn
    1: GdeVolpiano the lawful female human Archeologist entered the dungeon
  950: attained the rank of Field Worker (level 3)
 1478: entered the Gnomish Mines
 2226: killed by a magic missile zapped by a gnome lord

You didn't know any spells.

Skills:
 Fighting Skills
   bare handed combat [Unskilled]
   two weapon combat  [Unskilled]
   riding             [Unskilled]
 Weapon Skills
   dagger             [Unskilled]
   knife              [Unskilled]
   pick-axe           [Basic]
   short sword        [Unskilled]
   saber              [Unskilled]
   club               [Unskilled]
   quarterstaff       [Unskilled]
   sling              [Unskilled]
   dart               [Unskilled]
   boomerang          [Unskilled]
   whip               [Basic]
   unicorn horn       [Unskilled]
 Spellcasting Skills
   attack spells      [Unskilled]
   healing spells     [Unskilled]
   divination spells  [Unskilled]
   matter spells      [Unskilled]

Voluntary challenges:
 Character rerolling was not enabled.
 You were an atheist.
 You never genocided any monsters.
 You never polymorphed an object.
 You never changed form.
 You used no wishes.
Achievements:
 You attained the rank of Field Worker.
 You entered a shop.
 You entered the Gnomish Mines.

 The Dungeons of Doom: levels 1 to 5
    Level 1:
       Many fountains, a sink.
    Level 2:
       An altar, some fountains.
    Level 3:
       An armor shop.
    Level 4:
       A fountain.
       Stairs down to The Gnomish Mines.
    Level 5:
 The Gnomish Mines:
    Level 5: <- You were here.
       Final resting place for
          you, killed by a magic missile zapped by a gnome lord.


Vanquished creatures:
  a little dog
 an iguana
  2 gnomes
  a jackal
  a kobold
  4 goblins
  a sewer rat
  3 grid bugs
  2 bats
  6 lichens
  a kobold zombie
  6 newts
29 creatures vanquished.

No species were genocided or became extinct.

Game over:
                       ----------
                      /          \
                     /    REST    \
                    /      IN      \
                   /     PEACE      \
                  /                  \
                  |   GdeVolpiano    |
                  |     3272 Au      |
                  |   killed by a    |
                  |  magic missile   |
                  |   zapped by a    |
                  |    gnome lord    |
                  |       2026       |
                 *|     *  *  *      | *
        _________)/\\_//(\/(/\)/\//\/|_)_______

Goodbye GdeVolpiano the Archeologist...

You died in The Gnomish Mines on dungeon level 5 with 3523 points,
and 3272 pieces of gold, after 2226 moves.
You were level 4 with a maximum of 32 hit points when you died.

